 Dungeon Crawl Stone Soup version 0.24-a0-416-g56ce5178b7 (webtiles) character file.

Game seed: 3680901584462966935

3985 Azzok the Cleaver (level 10, -3/70 HPs)
             Began as a Formicid Fighter on June 9, 2019.
             Was a Follower of Okawaru.
             Slain by a manticore (7 damage)
             ... on level 7 of the Dungeon.
             The game lasted 00:17:52 (9100 turns).

Azzok the Cleaver (Formicid Fighter)                Turns: 9100, Time: 00:17:53

Health: -3/70      AC: 14    Str: 24    XL:     10   Next: 46%
Magic:  12/13      EV:  9    Int:  8    God:    Okawaru [*.....]
Gold:   269        SH: 13    Dex: 10    Spells: 9/9 levels left

rFire    . . .     SeeInvis +   w - +2 hand axe (freeze)
rCold    . . .     Gourm    .   c - +0 shield
rNeg     . . .     Faith    .   C - +0 plate armour
rPois    +         Spirit   .   (helmet unavailable)
rElec    .         Reflect  .   (no cloak)
rCorr    .         Harm     .   t - -1 pair of gloves
MR       +....                  (no boots)
Stlth    ..........             (no amulet)
HPRegen  0.21/turn              n - ring of poison resistance
MPRegen  0.13/turn              D - ring of teleportation (curse)

@: heroism
A: permanent stasis, dig shafts and tunnels, four strong arms, antennae 3
a: Dig, Shaft Self, Heroism, Renounce Religion


You were on level 7 of the Dungeon.
You worshipped Okawaru.
Okawaru was aware of your devotion.
You were not hungry.

You visited 1 branch of the dungeon, and saw 7 of its levels.

You collected 269 gold pieces.

Inventory:

Hand Weapons
 a - a +0 war axe
 q - a +1 dagger of draining
 w - a +2 hand axe of freezing (weapon)
Armour
 c - a +0 shield (worn)
 t - a -1 pair of gloves (worn)
 C - a +0 plate armour (worn)
Jewellery
 n - a ring of poison resistance (left hand)
 D - a cursed ring of teleportation (right hand)
Wands
 b - a wand of disintegration (13)
 v - a wand of flame (59)
 y - a wand of enslavement (9)
 E - a wand of paralysis (9)
Scrolls
 i - 2 scrolls of immolation
 k - 2 scrolls of identify
 s - a scroll of fear
 B - a scroll of remove curse
Potions
 d - 3 potions of might
 h - 2 potions of cancellation
 l - a potion of mutation {!q}
 m - 5 potions of curing
 o - a potion of agility
 r - a potion of heal wounds
 u - a potion of lignification
 x - a potion of invisibility
Comestibles
 f - 10 rations
 g - 6 chunks of flesh


   Skills:
 - Level 3.2(8.2) Fighting
 + Level 11.9(16.9) Axes
 - Level 3.2(8.2) Armour
 - Level 9.1(14.1) Shields
 + Level 4.8 Invocations


You had 9 spell levels left.
You didn't know any spells.
Your spell library contained the following spells:

 Spells                   Type           Power        Failure   Level  Hunger
 Confusing Touch          Hex            #.....       99%         1    ##.....
 Corona                   Hex            #......      99%         1    ##.....
 Ensorcelled Hibernation  Hex/Ice        #.....       100%        2    ###....
 Confuse                  Hex            #.......     100%        3    ####...
 Dazzling Spray           Conj/Hex       #.....       100%        3    ####...
 Gell's Gravitas          Tloc           #.........   100%        3    ####...
 Tukima's Dance           Hex            #.......     100%        3    ####...
 Petrify                  Tmut/Erth      #.......     100%        4    #####..
 Metabolic Englaciation   Hex/Ice        #.........   100%        5    ######.
 Yara's Violent Unravell  Hex/Tmut       #.........   100%        5    ######.


Dungeon Overview and Level Annotations

Branches:
Dungeon (7/15)
 Temple: D:4-7

Altars:
Dithmenos
Fedhas
Gozag
Hepliaklqana
Nemelex Xobeh
Okawaru
Qazlal
Ru
Vehumet
Zin

Annotations:
D:5 1 runed translucent door, Lanoc's ghost, novice FoAK


Innate Abilities, Weirdness & Mutations

You cannot be hasted, slowed, berserked, paralysed or teleported.
You can dig through walls and to a lower floor.
Your four strong arms can wield two-handed weapons with a shield.
You have a pair of large antennae on your head. (SInv)


Message History

The manticore claws you but does no damage.
You block the manticore's attack.
You hit the manticore. You freeze the manticore.
The manticore is heavily wounded.
You barely miss the hippogriff. The hippogriff bites you.
* * * LOW HITPOINT WARNING * * *
You block the hippogriff's attack. x2
You hit the manticore. You freeze the manticore.
The manticore is severely wounded.
You closely miss the hippogriff. You block the manticore's attack. x3
You block the hippogriff's attack. The hippogriff pecks you.
* * * LOW HITPOINT WARNING * * *
The hippogriff claws you but does no damage.
You hit the manticore but do no damage.
The manticore is severely wounded.
You hit the hippogriff but do no damage.
The manticore barely misses you. The manticore claws you!
* * * LOW HITPOINT WARNING * * *
The manticore claws you!
You die...

▒▒▒··▒▒▒▒▒▒▒▒·▒▒·▒▒▒▒··
········')·······)·····
········▒········[··<··
··▒▒····▒▒··▒▒····▒▒····
··▒···▒▒▒▒▒▒▒▒··▒▒····▒▒····
▒·▒···'··········▒····▒▒···· ···
▒·····▒··········▒····▒▒····
▒▒·▒▒▒·····▒<·········▒··········
·····▒▒····▒▒▒▒·@▒▒···▒··········
·· ···▒▒···▒▒▒▒HH▒▒··▒▒····▒▒▒▒▒╬
▒ ▒··▒▒··H·····▒▒··▒▒····▒
▒▒▒▒▒▒··▒·÷÷···········
·····▒··▒····▒▒▒▒▒▒····
··(···▒······▒ ▒▒▒· ▒··▒········
▒▒▒▒▒▒··▒·········
▒{▒·▒··▒▒··▒▒▒▒▒▒▒


You could see a manticore and a hippogriff.

Vanquished Creatures
  Pikel (D:4)
  2 hippogriffs
  2 ice beasts (D:6)
  A phantom (D:5)
  2 orc warriors
  A sky beast (D:5)
  A black bear (D:6)
  3 ogres
  3 centaurs
  6 bullfrogs
  A water moccasin zombie (D:6)
  3 howler monkeys (D:6)
  4 crimson imps
  2 centaur zombies (D:3)
  A bullfrog zombie (D:5)
  4 orc priests
  3 hounds
  2 jellies (D:7)
  A bullfrog skeleton (D:4)
  2 gnoll shamans (D:6)
  5 orc wizards
  A centaur skeleton (D:7)
  An iguana (D:5)
  Natasha (thrice) (D:3)
  3 worker ants
  21 gnolls
  9 adders
  9 river rats (D:6)
  A shadow imp (D:7)
  An ooze (D:4)
  2 adder skeletons
  2 worms (D:2)
  3 dart slugs
  7 leopard geckos
  20 orcs
  5 giant cockroaches
  8 goblins
  6 hobgoblins
  13 jackals
  12 quokkas
  12 bats
  2 frilled lizards
  A jackal zombie (D:5)
  15 kobolds
  A quokka skeleton (D:4)
  2 quokka zombies
  27 rats
237 creatures vanquished.

Notes
Turn   | Place    | Note
-------+----------+-------------------------------------------
     0 | D:1      | Azzok the Formicid Fighter began the quest for the Orb.
     0 | D:1      | Reached XP level 1. HP: 18/18 MP: 1/1
   145 | D:1      | Reached XP level 2. HP: 24/24 MP: 2/2
   340 | D:1      | Reached XP level 3. HP: 27/29 MP: 3/3
  1400 | D:2      | Reached skill level 3 in Axes
  1518 | D:2      | Reached XP level 4. HP: 35/35 MP: 4/4
  1538 | D:2      | Found a glowing silver altar of Zin.
  1669 | D:2      | Found a hazy altar of Hepliaklqana.
  2148 | D:2      | Found a sacrificial altar of Ru.
  2162 | D:2      | Reached skill level 5 in Shields
  2359 | D:3      | Reached XP level 5. HP: 20/41 MP: 5/5
  2587 | D:3      | Reached skill level 4 in Axes
  2968 | D:3      | Reached XP level 6. HP: 46/47 MP: 6/6
  3005 | D:3      | You fall into a shaft and drop 1 floor!
  3546 | D:3      | Noticed Natasha
  3553 | D:3      | Killed Natasha
  3748 | D:3      | Noticed Natasha
  3757 | D:3      | Killed Natasha
  3777 | D:3      | Noticed Natasha
  3788 | D:3      | Killed Natasha
  4115 | D:4      | Reached skill level 5 in Axes
  4115 | D:4      | Reached XP level 7. HP: 52/52 MP: 7/7
  4153 | D:4      | Found a stormy altar of Qazlal.
  4555 | D:4      | Found an iron altar of Okawaru.
  4555 | D:4      | Noticed Pikel
  4592 | D:4      | Killed Pikel
  4592 | D:4      | Reached skill level 6 in Axes
  4592 | D:4      | Reached XP level 8. HP: 22/58 MP: 8/8
  4930 | D:4      | Found a blossoming altar of Fedhas.
  4963 | D:4      | Found a shadowy altar of Dithmenos.
  4993 | D:4      | Found a shadowy altar of Dithmenos.
  5106 | D:5      | Entered Level 5 of the Dungeon
  5168 | D:5      | Reached skill level 7 in Axes
  5724 | D:5      | Reached skill level 8 in Axes
  5724 | D:5      | Reached XP level 9. HP: 63/64 MP: 9/9
  5784 | D:5      | Noticed Lanoc's ghost (novice FoAK)
  5794 | D:5      | Found a runed translucent door.
  6014 | D:5      | Found an opulent altar of Gozag.
  6020 | D:5      | Found a sparkling altar of Nemelex Xobeh.
  6398 | D:6      | Found a radiant altar of Vehumet.
  6410 | D:6      | Reached skill level 9 in Axes
  6459 | D:6      | Noticed a hippogriff
  6480 | D:6      | Killed a hippogriff
  6596 | D:6      | Reached skill level 10 in Axes
  7666 | D:6      | Reached skill level 11 in Axes
  7743 | D:6      | Reached XP level 10. HP: 70/70 MP: 10/10
  8301 | D:4      | Became a worshipper of Warmaster Okawaru
  8358 | D:6      | Reached skill level 1 in Invocations
  8941 | D:7      | Reached * piety under Okawaru
  8961 | D:7      | Noticed a manticore
  9100 | D:7      | Slain by a manticore

Levels and vault maps discovered:
D:1:      sevenhm_arrival_forest_fort_large_2, layout_loops_ring, minmay_tall_x
D:2:      layout_basic, old_standard_altar, zin_scriptorium, first_ration,
          roderic_serpentine_path, nicolae_ru_sacrificial_ziggurat
D:3:      layout_basic, uniq_natasha
D:4:      layout_rooms, kennysheep_mini_moat, grunt_temple_overflow_open,
          nicolae_qazlal_general_emergency, grunt_dithmenos_smoke, uniq_pikel
D:5:      wander_river, layout_loops_ring, grunt_temple_overflow_opulence,
          hellmonk_ghost_happy_afterlife
D:6:      lemuel_ratsnest, layout_gridville, vehumet_altar_wand_db,
          nrook_mini_vaults, st_stairs_9
D:7:      minmay_the_grid_octo_tiled_octocenter [minmay_the_grid_octo_pinwheel,
          minmay_the_grid_octo_chip, minmay_the_grid_octo_shrine,
          minmay_the_grid_octo_tetromino_candy,
          minmay_the_grid_octo_prize_square_snowflake,
          minmay_the_grid_square_5x5_mess, minmay_the_grid_square_5x5_dogpile,
          minmay_the_grid_square_5x5_misaligned,
          minmay_the_grid_square_5x5_broken_cross], layout_gridville,
          uniq_prince_ribbit1

Skill      XL: |  1  2  3  4  5  6  7  8  9 10 |
---------------+-------------------------------+-----
Shields        | 4 5 6 8 9 |  9.1
Axes           | 3 4 5 6 8 11 | 11.9
Invocations    | 4 |  4.8
Fighting       | |  3.2
Armour         | |  3.2

Action                   |  1- 3 |  4- 6 |  7- 9 | 10-12 || total
-------------------------+-------+-------+-------+-------++-------
Melee: War axe           |   105 |    57 |    99 |    30 ||   291
       Dagger            |    18 |   123 |       |       ||   141
       Hand axe          |       |       |   335 |   178 ||   513
Invok: Heroism           |       |       |       |     1 ||     1
  Use: Scroll            |       |       |     2 |    15 ||    17
  Eat: Chunk             |     2 |     9 |    12 |     1 ||    24
       Ration            |       |       |       |     1 ||     1
Armor: Scale mail        |    49 |    61 |    23 |       ||   133
       Chain mail        |       |       |    69 |    19 ||    88
       Plate armour      |       |       |       |    49 ||    49
Dodge: Dodged            |    39 |    49 |   101 |    45 ||   234
Block: Shield            |    80 |    93 |   196 |   116 ||   485

Table legend:
 A = Non-vault XP
 B = Vault XP
 C = Vault XP percentage of total XP
 D = Non-vault monster count
 E = Vault monster count
 F = Vault count percentage of total count
                 A         B        C        D         E       F
            +---------+---------+-------+---------+---------+-------
      Total |    3965 |    1729 |  30.4 |     185 |      52 |  21.9
            +---------+---------+-------+---------+---------+-------
        D:1 |      41 |       5 |  10.9 |      23 |       4 |  14.8
        D:2 |     115 |       0 |   0.0 |      28 |       0 |   0.0
        D:3 |     259 |      35 |  11.9 |      29 |       1 |   3.3
        D:4 |     334 |     651 |  66.1 |      23 |       1 |   4.2
        D:5 |     885 |       0 |   0.0 |      24 |       0 |   0.0
        D:6 |    1844 |     336 |  15.4 |      41 |      38 |  48.1
        D:7 |     487 |     702 |  59.0 |      17 |       8 |  32.0
            +---------+---------+-------+---------+---------+-------
